 Dungeon Crawl Stone Soup version 0.28-a0-447-g1f95980246 (webtiles) character file.

Game seed: 1075206587167992781

18370 frimble the Slicer (level 12, 0/86 HPs)
             Began as an Octopode Warper on Sept 13, 2021.
             Slain by a tengu warrior (10 damage)
             ... on level 14 of the Dungeon.
             The game lasted 00:33:59 (20377 turns).

frimble the Slicer (Octopode Warper)               Turns: 20377, Time: 00:34:00

Health: 0/86       AC:  9    Str: 17    XL:     12   Next: 57%
Magic:  21/21      EV: 13    Int: 20    God:
Gold:   978        SH:  0    Dex: 11    Spells: 13/23 levels left

rFire   + . .      SeeInvis .   I - +4 rapier (freeze)
rCold   . . .      Faith    .   (no shield)
rNeg    . . .      Spirit   .   (helmet restricted)
rPois   .          Reflect  .   (no amulet)
rElec   .          Harm     .   i - +6 ring of strength
rCorr   .          Rampage  .   j - ring of protection from fire
Will    +....                   p - ring of willpower
Stlth   +++++.....              w - +4 ring of protection
HPRegen 0.24/turn               x - +4 ring of protection
MPRegen 0.17/turn               (no ring)
                                (no ring)
                                (no ring)

@: about to teleport
A: almost no armour, amphibious, 8 rings, camouflage 1, gelatinous body 1,
(nimble swimmer 1), tentacles
a: no special abilities


You were on level 14 of the Dungeon.
You visited 2 branches of the dungeon, and saw 15 of its levels.

You collected 978 gold pieces.

Inventory:

Hand Weapons
 a - a +2 dagger of venom
 b - a +3 short sword of freezing
 q - a +2 dagger of holy wrath
 I - a +4 rapier of freezing (weapon)
Missiles
 c - 10 boomerangs of dispersal
 o - 33 poisoned darts (quivered)
 s - 29 boomerangs
 E - a curare-tipped dart
 F - 6 silver boomerangs
Jewellery
 g - a ring of fire
 i - a +6 ring of strength (left tentacle)
 j - a ring of protection from fire (right tentacle)
 p - a ring of willpower (on tentacle)
 t - a ring of fire
 w - a +4 ring of protection (on tentacle)
 x - a +4 ring of protection (on tentacle)
Wands
 C - a wand of paralysis (10)
 J - a wand of flame (6)
Scrolls
 h - 3 scrolls of enchant armour
 k - a scroll of blinking
 m - 5 scrolls of teleportation
 n - 2 scrolls of identify
 u - a scroll of immolation
 y - a scroll of amnesia
 B - 2 scrolls of holy word
 D - a scroll of silence
 G - a scroll of fog
 H - a scroll of magic mapping
Potions
 d - a potion of curing
 e - a potion of berserk rage
 f - a potion of might {unknown}
 l - 2 potions of ambrosia {unknown}
 v - 4 potions of flight {unknown}
 z - a potion of brilliance
 A - a potion of attraction


   Skills:
 - Level 9.4 Fighting
 + Level 12.2 Short Blades
 - Level 6.0 Throwing
 - Level 2.5 Dodging
 - Level 8.0 Stealth
 - Level 6.0 Spellcasting
 + Level 2.3 Conjurations
 - Level 4.1 Translocations
 - Level 7.1 Ice Magic
 + Level 2.3 Air Magic
 - Level 2.2 Evocations


You had 13 spell levels left.
You knew the following spells:

 Your Spells              Type           Power      Damage    Failure   Level
a - Blink                 Tloc           N/A        N/A       2%          2
b - Frozen Ramparts       Ice            68%        1d8       1%          3
c - Lightning Bolt        Conj/Air       7%         1d20      73%         5

Your spell library contained the following spells:

 Spells                   Type           Power      Damage    Failure   Level
 Magic Dart               Conj           60%        1d6       4%          1
 Gell's Gravitas          Tloc           11%        N/A       5%          3
 Lesser Beckoning         Tloc           22%        N/A       5%          3
 Teleport Other           Tloc           22%        N/A       5%          3
 Static Discharge         Conj/Air       15%        N/A       6%          2
 Animate Skeleton         Necr           12%        N/A       11%         1
 Pain                     Necr           24%        1d5       11%         1
 Call Imp                 Summ           6%         N/A       16%         2
 Sublimation of Blood     Necr           3%         N/A       16%         2
 Wereblood                Tmut           6%         N/A       16%         2
 Mephitic Cloud           Conj/Pois/Air  12%        N/A       17%         3
 Vampiric Draining        Necr           3%         2d6       30%         3
 Manifold Assault         Tloc           22%        N/A       45%         5
 Summon Forest            Summ/Tloc      7%         N/A       77%         5
 Summon Mana Viper        Hex/Summ       6%         N/A       96%         5
 Summon Cactus Giant      Summ           3%         N/A       100%        6
 Summon Hydra             Summ           3%         N/A       100%        7
 Lehudib's Crystal Spear  Conj/Erth      5%         10d3      100%        8
 Maxwell's Capacitive Co  Air            7%         ∞         100%        8


Dungeon Overview and Level Annotations

Branches:
Dungeon (14/15)            Temple (0/1) D:5            Lair (1/6) D:10
    Orc (0/2) D:10
 Vaults: D:13-14

Altars:
Elyvilon
Kikubaaqudgha
Sif Muna
Trog
Vehumet
Zin
Beogh

Shops:
D:7 [

Annotations:
D:8 Erica


Innate Abilities, Weirdness & Mutations

You cannot wear most types of armour.
You are amphibious.
You can wear up to eight rings at the same time.
Your skin changes colour to match your surroundings (Stealth+).
Your rubbery body absorbs attacks. (AC +1, EV +1)
((You are camouflaged near water. (Stealth+)))
You have tentacles for arms and can constrict up to eight enemies at once.


Message History

A manticore comes into view.
You have turned to stone.
The tengu conjurer hits you.
The tengu conjurer pecks you but does no damage.
The tengu conjurer claws you but does no damage.
The fire dragon bites you.
The fire dragon claws you but does no damage.
The fire dragon tramples you!
You hold your ground!
Your surroundings suddenly seem different.
A tengu warrior comes into view. It is wielding a +0 war axe.
You turn to flesh and can move again.
Unknown command.
Unknown command.
A hydra and 2 slime creatures come into view.
A slime creature comes into view.
A tengu warrior comes into view. It is wielding a +0 broad axe.
A slime creature comes into view.
The tengu warrior shouts! x2
The tengu warrior unwields a +0 war axe.
The tengu warrior wields a +0 arbalest.
The tengu warrior shoots a bolt.
The bolt hits you!
You hear a shout! x2
A tengu conjurer comes into view.
The tengu warrior shoots a bolt.
The bolt hits you!
* * * LOW HITPOINT WARNING * * *
You feel much better.
The tengu conjurer mumbles some strange words.
The tengu conjurer conjures a globe of magical energy!
The tengu warrior hits you with a +0 broad axe!!
* * * LOW HITPOINT WARNING * * *
The tengu warrior pecks you but does no damage.
The tengu warrior claws you.
* * * LOW HITPOINT WARNING * * *
A battlesphere comes into view.
The battlesphere moves out of view.
Unknown command.
As you read the scroll of teleportation, it crumbles to dust.
You feel strangely unstable.
The tengu warrior hits you with a +0 broad axe!
You die...

........#JJ#.#
#######..J...#
#.###### #.#
#######.#
#.......####
#...Q..Q.Q.#
#...*..###Q#
..Q.... #@#
...........#
........####
#####'# ...


You could see 2 tengu warriors.

Vanquished Creatures
  A death yak (D:10)
  A two-headed ogre (D:9)
  2 ugly things
  A manticore (D:12)
  5 cyclopes
  A guardian serpent (D:12)
  2 gargoyles (D:12)
  Maggie (D:10)
  5 kobold demonologists
  3 komodo dragons
  2 trolls
  2 hornets
  A blink frog (D:10)
  6 slime creatures (D:12)
  Sigmund (D:3)
  3 shadows
  A vampire (D:11)
  A wraith (D:11)
  9 yaks
  A steam dragon (D:10)
  A basilisk (Lair:1)
  A warg (D:10)
  Edmund (D:4)
  4 acid dragons
  5 water moccasins
  12 orc warriors
  An ice beast (D:5)
  2 sky beasts
  2 black bears (D:6)
  2 necrophages
  A phantom (D:6)
  6 centaurs
  5 kobold brigands
  3 bullfrogs
  2 gnoll sergeants
  2 scorpions (D:5)
  A wyvern zombie (D:7)
  A killer bee (D:9)
  9 howler monkeys
  2 centaur zombies
  A bullfrog zombie (D:6)
  2 jellies
  2 bullfrog skeletons
  A gnoll shaman (D:7)
  4 hounds
  A centaur skeleton (D:7)
  8 orc priests
  2 iguanas (D:4)
  10 orc wizards
  2 killer bee zombies
  16 gnolls
  7 adders
  A white imp (D:8)
  An ufetubus (D:4)
  An adder skeleton (D:4)
  A dart slug (D:2)
  55 orcs
  5 endoplasms
  9 hobgoblins
  5 jackals
  23 kobolds
  2 quokkas (D:2)
  7 ball pythons
  5 bats
  2 frilled lizards
  9 goblins
  6 rats
300 creatures vanquished.

Vanquished Creatures (others)
  A fungus (Lair:1)
  6 plants
7 creatures vanquished.

Grand Total: 307 creatures vanquished

Notes
Turn   | Place    | Note
-------+----------+-------------------------------------------
     0 | D:1      | frimble the Octopode Warper began the quest for the Orb.
     0 | D:1      | Reached XP level 1. HP: 14/14 MP: 3/3
   117 | D:1      | Reached skill level 1 in Stealth
   456 | D:1      | Reached XP level 2. HP: 19/19 MP: 5/5
  1088 | D:2      | Reached XP level 3. HP: 22/24 MP: 6/6
  1266 | D:2      | Reached skill level 3 in Short Blades
  1439 | D:2      | Found a faded altar of an unknown god.
  2049 | D:3      | Noticed Sigmund
  2324 | D:4      | Reached XP level 4. HP: 29/29 MP: 7/7
  2494 | D:4      | Noticed Edmund
  2520 | D:4      | Reached XP level 5. HP: 16/34 MP: 8/8
  2690 | D:4      | Learned a level 2 spell: Blink
  2835 | D:4      | Reached skill level 4 in Short Blades
  2882 | D:3      | Reached skill level 5 in Stealth
  3213 | D:3      | Found a glowing silver altar of Zin.
  3301 | D:3      | Got the Catalogue of the Ashen Glacier
  3325 | D:2      | Learned a level 3 spell: Frozen Ramparts
  3332 | D:3      | Killed Sigmund
  3333 | D:3      | Reached skill level 5 in Short Blades
  3333 | D:3      | Reached XP level 6. HP: 39/39 MP: 9/9
  3480 | D:3      | Noticed a necrophage
  3490 | D:3      | Killed a necrophage
  3491 | D:3      | Reached XP level 7. HP: 35/45 MP: 10/10
  4554 | D:4      | Killed Edmund
  4746 | D:5      | Entered Level 5 of the Dungeon
  4775 | D:5      | Reached skill level 6 in Short Blades
  4838 | D:5      | Found a staircase to the Ecumenical Temple.
  5131 | D:6      | Noticed a hornet
  5137 | D:6      | Killed a hornet
  5138 | D:6      | Reached skill level 5 in Ice Magic
  5138 | D:6      | Reached XP level 8. HP: 34/50 MP: 7/11
  5140 | D:6      | Reached skill level 7 in Short Blades
  5586 | D:6      | Found an ancient bone altar of Kikubaaqudgha.
  5593 | D:6      | Found a bloodstained altar of Trog.
  5601 | D:6      | Found a radiant altar of Vehumet.
  5612 | D:6      | Found a white marble altar of Elyvilon.
  5869 | D:6      | Found a shimmering blue altar of Sif Muna.
  6276 | D:6      | Reached skill level 8 in Short Blades
  6779 | D:5      | Reached XP level 9. HP: 20/54 MP: 8/12
  8141 | D:7      | Found Iqour's Armour Boutique.
  9026 | D:7      | Reached skill level 9 in Short Blades
  9436 | D:8      | Noticed Erica
  9930 | D:8      | Reached XP level 10. HP: 53/65 MP: 13/16
 10416 | D:9      | Reached skill level 5 in Fighting
 11097 | D:9      | Noticed a two-headed ogre
 11121 | D:9      | Killed a two-headed ogre
 11122 | D:9      | Reached skill level 10 in Short Blades
 11122 | D:9      | Reached skill level 5 in Spellcasting
 11316 | D:9      | Noticed a kobold demonologist
 11327 | D:9      | Killed a kobold demonologist
 11344 | D:9      | Noticed a five-headed hydra
 11357 | D:10     | Entered Level 10 of the Dungeon
 11987 | D:10     | Found a staircase to the Orcish Mines.
 12041 | D:10     | Noticed Maggie
 12241 | D:10     | Killed Maggie
 12757 | D:10     | Noticed a death yak
 12849 | D:10     | Killed a death yak
 12850 | D:10     | Reached XP level 11. HP: 37/75 MP: 8/20
 13047 | D:10     | Noticed a death yak
 13825 | D:11     | HP: 1/75 [something (21)]
 13828 | D:11     | Noticed a cyan ugly thing
 14215 | D:10     | Found a staircase to the Lair.
 14215 | D:10     | Noticed a death yak
 14529 | D:10     | Killed a cyan ugly thing
 15130 | D:11     | Reached skill level 11 in Short Blades
 15906 | D:12     | Noticed a cyclops
 15922 | D:12     | Killed a cyclops
 16125 | D:12     | Noticed a cyclops
 16127 | D:12     | Killed a cyclops
 16325 | D:12     | Reached skill level 5 in Throwing
 16612 | D:12     | Noticed a manticore
 16625 | D:12     | Killed a manticore
 16626 | D:12     | Reached XP level 12. HP: 46/84 MP: 18/21
 17318 | D:12     | Reached skill level 12 in Short Blades
 18833 | D:10     | Learned a level 5 spell: Lightning Bolt
 18849 | Lair:1   | Entered Level 1 of the Lair of Beasts
 19168 | Lair:1   | Reached skill level 1 in Conjurations
 19168 | Lair:1   | Reached skill level 1 in Air Magic
 19168 | Lair:1   | Reached skill level 1 in Evocations
 20342 | D:14     | Noticed a fire dragon
 20346 | D:14     | Identified the +4 falchion of Umavis {distort, +Rage rPois}
 20357 | D:14     | Noticed a tengu warrior
 20367 | D:14     | Noticed a seven-headed hydra
 20369 | D:14     | Noticed a tengu warrior
 20377 | D:14     | Slain by a tengu warrior

Illustrated notes

Levels and vault maps discovered:
D:1:      amcnicky_arrival_flooded_fountain, layout_loops_ring
D:2:      layout_basic, shapermc_ecumenical_altar_mp_highgroup
D:3:      cheibrodos_pilgrimage, layout_basic,
          mainiacjoe_overflow_cross_hatched, serial_forest,
          infiniplex_forest_clump_long, infiniplex_forest_straight_3,
          infiniplex_forest_clump_small, infiniplex_forest_clump_C,
          infiniplex_forest_corner_1, infiniplex_forest_zigzag_1,
          infiniplex_forest_lined_1, uniq_sigmund
D:4:      layout_cave_pools, uniq_edmund
D:5:      minmay_evil_eye, layout_basic, temple_pool_b
D:6:      layout_loops_ring, minmay_overflow_temple_star_hex,
          mrwooster_statue_mirror, kennysheep_path_1
D:7:      layout_cave_pools, serial_shops, nicolae_take_the_stairs
D:8:      layout_loops_ring, st_stairs_7, uniq_prince_ribbit1, uniq_erica
D:9:      layout_loops_ring, onia_ninara_cookie
D:10:     layout_rooms, dpeg_lair_monsters, erik_orc_3, minmay_splitting_lines,
          uniq_maggie
D:11:     layout_rooms
D:12:     layout_loops_ring, special_room [special_room_orc], drop_trap,
          minmay_statues_item, nrook_guardian_serpent_ordinary
D:13:     layout_gridville, erik_vaults_1
D:14:     layout_basic, serial_bayou_pond_d, lightli_wizard_tower
Lair:1:   layout_cave_pods, gauntlet_entry_generic

Skill      XL: |  1  2  3  4  5  6  7  8  9 10 11 12 |
---------------+-------------------------------------+-----
Stealth        | 1 2 3 4 5 7 8 |  8.0
Short Blades   | 3 5 6 8 9 10 11 12 | 12.2
Ice Magic      | 2 5 6 7 |  7.1
Fighting       | 4 7 8 9 |  9.4
Spellcasting   | 4 6 |  6.0
Throwing       | 2 5 6 |  6.0
Translocations | 4 |  4.1
Conjurations   | 2 |  2.3
Air Magic      | 2 |  2.3
Evocations     | 2 |  2.2
Dodging        | |  2.5

Action                   |  1- 3 |  4- 6 |  7- 9 | 10-12 || total
-------------------------+-------+-------+-------+-------++-------
Melee: Short sword       |    53 |       |    18 |   171 ||   242
       Constrict         |    19 |    15 |    45 |    52 ||   131
       Tentacles         |    12 |    13 |    60 |   130 ||   215
       Dagger            |    26 |    67 |   222 |   321 ||   636
       Rapier            |       |       |       |    51 ||    51
Throw: Dart              |       |       |     4 |    82 ||    86
       Boomerang         |       |       |    12 |     6 ||    18
 Cast: Frozen Ramparts   |       |       |    21 |    34 ||    55
       Blink             |       |       |     5 |    25 ||    30
Evoke: Wand              |       |       |       |     1 ||     1
  Use: Scroll            |     3 |     3 |     5 |    13 ||    24
       Potion            |       |     1 |     5 |     5 ||    11
 Stab: Sleeping          |     7 |     3 |     8 |    16 ||    34
       Distracted        |       |       |     2 |       ||     2
       Paralysed         |       |       |       |     1 ||     1
Armor: Skin              |     5 |       |    16 |    86 ||   107
Dodge: Dodged            |    45 |    33 |   126 |   155 ||   359

Table legend: (Time is in decaauts)
 A = Elapsed time spent in this place.
 B = Non-inter-level travel time spent in this place.
 C = Inter-level travel time spent in this place.
 D = Time resting spent in this place.
 E = Time spent auto-exploring this place.
 F = Levels seen in this place.
 G = Mean time per level.
                   A        B        C        D        E       F      G
               +--------+--------+--------+--------+--------+-----+--------+
         Total |  19977 |  19365 |    612 |    461 |  16089 |  15 | 1331.8 |
       Dungeon |  19052 |  18471 |    581 |    461 |  15371 |  14 | 1360.9 |
          Lair |    925 |    894 |     31 |      0 |    718 |   1 |  925.0 |
               +--------+--------+--------+--------+--------+-----+--------+

Top non-repeatable levels by time:
    D:10: 3288 daAuts
    D:12: 2626 daAuts
     D:6: 2054 daAuts
     D:3: 1490 daAuts
     D:2: 1469 daAuts
    D:11: 1460 daAuts
     D:7: 1264 daAuts
     D:5: 1156 daAuts
     D:4: 1147 daAuts
     D:9: 1120 daAuts
  Lair:1: 925 daAuts
     D:8: 903 daAuts
     D:1: 763 daAuts
    D:13: 238 daAuts
    D:14: 70 daAuts
